 Dungeon Sprint DCSS version 0.22.0-18-ge075c0d (webtiles) character file.

88 poirepourri the Basher (level 8, -3/63 HPs)
             Began as a Gargoyle Fighter on Aug 18, 2018.
             Was an Initiate of Gozag.
             Slain by an anaconda (12 damage)
             ... in the Dungeon (Sprint VI: "Thunderdome").
             The game lasted 00:04:06 (683 turns).

poirepourri the Basher (Gargoyle Fighter)            Turns: 683, Time: 00:04:07

Health: -3/63      AC: 12    Str: 25    XL:     8   Next: 96%
Magic:  8/8        EV:  9    Int: 11    God:    Gozag
Gold:   272        SH: 11    Dex: 23    Spells: 7/7 levels left

rFire    + . .     SeeInvis +   a - +0 flail (crush)
rCold    + + .     Gourm    .   c - +0 shield
rNeg     + + +     Faith    .   b - +0 scale mail
rPois    ∞         Spirit   .   (no helmet)
rElec    +         Reflect  .   (no cloak)
rCorr    .         Harm     .   (no gloves)
MR       .....     NoTele   +   (no boots)
Stlth    ++........             q - amulet of Leale {rPois Regen+ Int+2 Dex+3}
HPRegen  0.60/turn              w - ring of Light {rF+ rC++ rN+}
MPRegen  0.11/turn              x - ring of Apnaer {rElec rN+ Dex+4 SInv}

@: mighty, agile, constricted
A: negative energy resistance 1, electricity resistance, unbreathing,
petrification resistance, rot immunity, AC +5
a: Potion Petition, Call Merchant, Bribe Branch, Renounce Religion


You were in the Dungeon.
You worshipped Gozag.
Gozag was aware of your devotion.
You were not hungry.

You visited 1 branch You collected 1547 gold pieces.
You spent 1115 gold pieces at shops.
You paid 160 gold pieces to Gozag.

Inventory:

Hand Weapons
 a - a +0 flail of crushing (weapon)
Armour
 b - a +0 scale mail (worn)
 c - a +0 shield (worn)
Jewellery
 q - the amulet of Leale (around neck) {rPois Regen+ Int+2 Dex+3}
   (You bought it in a shop in the Dungeon)

   [amulet of regeneration]

   It affects your intelligence (+2).
   It affects your dexterity (+3).
   It protects you from poison.
   It increases your rate of regeneration.
 u - the ring of Pyponoun {-Tele rF+ MR+ AC+2 Int+6}
   (You bought it in a shop in the Dungeon)

   [ring of protection]

   It affects your AC (+2).
   It affects your intelligence (+6).
   It protects you from fire.
   It affects your resistance to hostile enchantments.
   It prevents most forms of teleportation.
 w - the ring of Light (left hand) {rF+ rC++ rN+}
   (You bought it in a shop in the Dungeon)

   [ring of positive energy]

   It protects you from fire.
   It greatly protects you from cold.
   It protects you from negative energy.
 x - the ring of Apnaer (right hand) {rElec rN+ Dex+4 SInv}
   (You bought it in a shop in the Dungeon)

   [ring of positive energy]

   It affects your dexterity (+4).
   It insulates you from electricity.
   It protects you from negative energy.
   It lets you see invisible.
Wands
 m - a wand of acid (5)
 n - a wand of iceblast (5)
 p - a wand of flame (30)
Scrolls
 k - 4 scrolls of blinking
 o - 3 scrolls of fog
Potions
 e - a potion of curing
 h - 4 potions of haste
 i - 2 potions of magic
 j - a potion of berserk rage
 l - 2 potions of resistance
Comestibles
 f - a ration


   Skills:
 + Level 13.4 Fighting
 - Level 14.5 Maces & Flails
 - Level 3.2 Armour
 - Level 3.2 Shields


You had 7 spell levels left.
You didn't know any spells.
Your spell library was empty.

Dungeon Overview and Level Annotations

Branches:
Dungeon (1/1)

Altars:
Cheibriados
Dithmenos
Fedhas
Gozag
Kikubaaqudgha
Makhleb
Okawaru
Qazlal
Ru
Sif Muna
Trog
Uskayaw
Vehumet
Wu Jian
Xom
Yredelemnul
Zin
The Shining One
Beogh
Jiyva
Lugonu

Shops:
D *[%??*?*:[((!!!!


Innate Abilities, Weirdness & Mutations

You are resistant to torment.
Your stone body is resilient. (AC +5)
You are immune to poison.
You resist negative energy. (rN+)
You are resistant to electric shocks. (rElec)
You can survive without breathing.
You are immune to petrification.
You are immune to rotting.


Message History

You are too injured to fight recklessly!
You are too injured to fight recklessly!
You are too injured to fight recklessly!
You are too injured to fight recklessly!
You are too injured to fight recklessly!
You are too injured to fight recklessly!
You are too injured to fight recklessly!
You sock the naga warlord!
The naga warlord is severely wounded.
The anaconda bites you!
* * * LOW HITPOINT WARNING * * *
The naga warlord hits you with an enchanted short sword.
* * * LOW HITPOINT WARNING * * *
x2 The naga warlord constricts you.
You hit the naga warlord.
The naga warlord is severely wounded.
The anaconda bites you but does no damage.
The anaconda bites you!
You die...
Your body crumbles into a pile of gold.

#⌠..........###...###...N......⌠#
##.....[...[...###.............##
###∩.....)..8.# #.8........∩###
##∩_._......###......___∩##
######.8.........8.######
#⌠...........§# ###.........###
#_....N.._# #_...@S.._#
#_......._# #∩.......∩#
##∩.....∩## ##.....## ##⌠⌠⌠##
#####


You could see a naga warlord and an anaconda.

Vanquished Creatures
  2 rust devils (D)
  A hellwing (D)
  A guardian mummy (D)
  A red devil (D)
  Menkaure (D)
  Blork the orc (D)
  2 jellies (D)
  3 mummies (D)
  4 oozes (D)
  4 orcs (D)
20 creatures vanquished.

Notes
Turn   | Place    | Note
-------+----------+-------------------------------------------
     0 | D        | poirepourri the Gargoyle Fighter began the quest for the Orb.
     0 | D        | Reached XP level 1. HP: 14/14 MP: 1/1
     3 | D        | Found a roughly hewn altar of Beogh.
     4 | D        | Found a viscous altar of Jiyva.
     5 | D        | Found a bloodstained altar of Trog.
     5 | D        | Found an opulent altar of Gozag.
     5 | D        | Round 1.
     6 | D        | Found Eckey's Delicious Food.
     6 | D        | Found a stormy altar of Qazlal.
     6 | D        | Found a burning altar of Makhleb.
     6 | D        | Found Xuuvae's Identification Station.
     7 | D        | Found Qeilux's Jewellery.
     7 | D        | Found Jyess's Advanced Armour.
    23 | D        | Became a worshipper of Gozag Ym Sagoz the Greedy
    29 | D        | Reached skill level 3 in Maces & Flails
    30 | D        | Found a corrupted altar of Lugonu.
    40 | D        | Bought a brightly glowing pewter ring for 45 gold pieces
    40 | D        | Bought a translucent iron amulet for 45 gold pieces
    40 | D        | Bought a heavily runed granite ring for 45 gold pieces
    40 | D        | Identified the ring of Xaucitit {Fire +Fly MR- SInv} (You bought it in a shop in the Dungeon)
    41 | D        | Identified the ring "Dafuusi" {rC+ rN++ Str+3 Slay-5} (You bought it in a shop in the Dungeon)
    42 | D        | Identified the amulet of Leale {rPois Regen+ Int+2 Dex+3} (You bought it in a shop in the Dungeon)
    43 | D        | Bought a transparent tin ring for 45 gold pieces
    43 | D        | Bought a heavily runed wooden ring for 45 gold pieces
    44 | D        | Identified the ring "Pash" {rElec rC+ MP+9 Stlth+} (You bought it in a shop in the Dungeon)
    46 | D        | Identified the ring "Yklif" {+Blink Stlth+} (You bought it in a shop in the Dungeon)
    54 | D        | Reached skill level 4 in Maces & Flails
    54 | D        | Reached XP level 2. HP: 16/19 MP: 2/2
    83 | D        | Reached skill level 5 in Maces & Flails
    87 | D        | Reached skill level 7 in Maces & Flails
    87 | D        | Reached XP level 3. HP: 7/23 MP: 3/3
   103 | D        | Found Xeozyrgho's Magic Scroll Shop.
   105 | D        | Found a shadowy altar of Dithmenos.
   105 | D        | Found a blossoming altar of Fedhas.
   105 | D        | Found an ornate altar of the Wu Jian Council.
   105 | D        | Found Qobriq's Staff Store.
   106 | D        | Found Razuelui's Magic Scroll Shop.
   106 | D        | Found Bupni's Must-Have Magic.
   116 | D        | Found a glowing golden altar of the Shining One.
   118 | D        | Arena points: 14 (+14) [x2]
   118 | D        | Reached skill level 8 in Maces & Flails
   118 | D        | Reached XP level 4. HP: 27/28 MP: 4/4
   132 | D        | Found a radiant altar of Vehumet.
   133 | D        | Found a shimmering altar of Xom.
   133 | D        | Found Feigu's Distillery.
   135 | D        | Found Qeetaf's Distillery.
   135 | D        | Found Dochutol's Bottled Wisdom.
   135 | D        | Found a snail-covered altar of Cheibriados.
   135 | D        | Found a sacrificial altar of Ru.
   135 | D        | Found a basalt altar of Yredelemnul.
   135 | D        | Found Caopsak's Do-It-Yourself Clinic.
   139 | D        | Found a glowing silver altar of Zin.
   142 | D        | Found an iron altar of Okawaru.
   143 | D        | Found a deep blue altar of Sif Muna.
   143 | D        | Found Laujouv's Weapon Rack.
   144 | D        | Found Ephuxu's Basic Armour.
   144 | D        | Found Xaadauk's Miscellaneous Merchandise.
   145 | D        | Found a hide-covered altar of Uskayaw.
   145 | D        | Found an ancient bone altar of Kikubaaqudgha.
   145 | D        | Found Elloff's Premium Goods.
   161 | D        | Bought an ancient lead ring for 45 gold pieces
   162 | D        | Identified the ring of Kiklic {Fire rPois Str-2 Int+8 Dex+2} (You bought it in a shop in the Dungeon)
   163 | D        | Bought a shimmering brass ring for 45 gold pieces
   164 | D        | Identified the ring of Taseczig {rN+ Str-3 Int+3 Dex+6 Slay-4} (You bought it in a shop in the Dungeon)
   165 | D        | Bought a flickering silver ring for 45 gold pieces
   166 | D        | Identified the ring of Pyponoun {-Tele rF+ MR+ AC+2 Int+6} (You bought it in a shop in the Dungeon)
   167 | D        | Bought a scorched bone ring for 45 gold pieces
   168 | D        | Identified the ring "Xorheydy" {+Blink rPois MP+9 AC+5 Str-3} (You bought it in a shop in the Dungeon)
   169 | D        | Bought an ancient marble ring for 45 gold pieces
   170 | D        | Identified the ring of Light {rF+ rC++ rN+} (You bought it in a shop in the Dungeon)
   171 | D        | Bought a wavering ivory ring for 45 gold pieces
   172 | D        | Identified the ring of Apnaer {rElec rN+ Dex+4 SInv} (You bought it in a shop in the Dungeon)
   174 | D        | Round 2.
   176 | D        | Noticed Blork the orc
   185 | D        | Killed Blork the orc
   185 | D        | Reached skill level 10 in Maces & Flails
   185 | D        | Reached XP level 5. HP: 25/32 MP: 5/5
   315 | D        | Bought a scroll of brand weapon for 200 gold pieces
   340 | D        | Arena points: 50 (+36) [x3]
   374 | D        | Round 3.
   389 | D        | Noticed Menkaure
   394 | D        | Killed Menkaure
   394 | D        | Reached skill level 12 in Maces & Flails
   394 | D        | Reached XP level 6. HP: 37/37 MP: 6/6
   437 | D        | Noticed a guardian mummy
   448 | D        | Killed a guardian mummy
   448 | D        | Reached skill level 14 in Maces & Flails
   448 | D        | Reached XP level 7. HP: 36/41 MP: 7/7
   486 | D        | Bought 3 potions of heal wounds for 105 gold pieces
   486 | D        | Bought 3 potions of heal wounds for 105 gold pieces
   486 | D        | Bought 3 potions of heal wounds for 105 gold pieces
   486 | D        | Bought 3 potions of heal wounds for 105 gold pieces
   498 | D        | Arena points: 68 (+18) [x1]
   513 | D        | Round 4.
   540 | D        | Noticed a rust devil
   549 | D        | Killed a rust devil
   568 | D        | Noticed a hellwing
   570 | D        | Noticed a red devil
   571 | D        | Noticed a hellwing
   576 | D        | Noticed a rust devil
   578 | D        | Killed a hellwing
   578 | D        | Reached skill level 10 in Fighting
   578 | D        | Reached XP level 8. HP: 30/59 MP: 8/8
   594 | D        | Killed a red devil
   601 | D        | Killed a rust devil
   614 | D        | Noticed a red devil
   620 | D        | Arena points: 88 (+20) [x1]
   635 | D        | Round 5.
   642 | D        | Noticed a naga warlord
   672 | D        | Noticed an anaconda
   683 | D        | Slain by an anaconda

Skill      XL: |  1  2  3  4  5  6  7  8 |
---------------+-------------------------+-----
Maces & Flails | 4 7 8 10 12 14 | 14.5
Fighting       | 10 13 | 13.4
Armour         | |  3.2
Shields        | |  3.2

Action                   |  1- 3 |  4- 6 |  7- 9 || total
-------------------------+-------+-------+-------++-------
Melee: Flail             |    15 |    35 |    68 ||   118
Invok: Potion Petition   |     1 |       |     1 ||     2
  Use: Scroll            |       |     1 |       ||     1
       Potion            |       |     1 |    16 ||    17
Armor: Scale mail        |     7 |     3 |    14 ||    24
Dodge: Dodged            |     1 |     8 |    22 ||    31
Block: Shield            |     3 |    12 |    55 ||    70
